AoeStats
← dark_alex

Nomad

505309906Analyzed
2v2 RM · 24d ago on Sep 8, 2026· 25m 56s· 4 players
Game mode
Random Map
Map size
176×176
Population
200
Speed
Normal
Resources
Standard
Victory
Conquest
Starting age
Dark Age
Ending age
Imperial Age
RankedLock teamsTeams togetherTeam positionsShared explorationLock speedFull tech treeHidden civsTurbo modeCheats
Victory
Defeat
🇷🇴 Dravidians · Romania
1075
+8
🇸🇰 Huns · Slovakia
995
+11
🇩🇪 Spanish · Germany
902
-10
🇩🇪 Huns · Germany
881
-9
dark_alex
4:48 Loom
12:56 Feudal Age
13:28 Double-Bit Axe
13:34 Gold Mining
19:29 Castle Age
17:59 Fishing Lines
18:34 Fletching
20:23 Medium Warships
21:16 Bow Saw
21:46 Bodkin Arrow
25:08 Wheelbarrow
25:18 Ballistics
26:04 Horse Collar
FESHI21
3:14 Loom
15:17 Feudal Age
15:52 Fishing Lines
16:02 Double-Bit Axe
16:08 Horse Collar
18:33 Wheelbarrow
20:31 Castle Age
18:59 Fletching
20:46 Wheelbarrow
21:15 Padded Archer Armor
21:28 Bloodlines
22:10 Bodkin Arrow
23:00 Ballistics
23:49 Masonry
Msay
4:16 Loom
16:23 Feudal Age
16:54 Double-Bit Axe
16:51 Horse Collar
20:09 Wheelbarrow
22:37 Fishing Lines
23:26 Gold Mining
23:28 Stone Mining
25:11 Fletching
25:21 Padded Archer Armor
28:03 Castle Age
Amir
3:59 Loom
14:23 Feudal Age
21:29 Wheelbarrow
23:37 Horse Collar
Connection lost

Rejoining the realm…

Still unreachable

The connection could not be restored.

Session expired

The server has moved on; the page needs a fresh start.